 Dungeon Crawl Stone Soup version 0.24-a0-358-g53aee78b01 (webtiles) character file.

Game seed: 16777561414025422858

45940 emperorscorpion the Destroyer (level 14, -33/98 HPs)
             Began as a Demonspawn Conjurer on May 24, 2019.
             Was a High Priest of Cheibriados.
             Annihilated by an orc warlord
             ... wielding a +0 glaive
              (37 damage)
             ... on level 2 of the Orcish Mines on May 25, 2019.
             The game lasted 01:06:59 (22779 turns).

emperorscorpion the Destroyer (DsCj)               Turns: 22779, Time: 01:06:59

Health: -33/98     AC: 12    Str: 22    XL:     14   Next: 3%
Magic:  0/29       EV: 17    Int: 33    God:    Cheibriados [*****.]
Gold:   288        SH:  7    Dex: 30    Spells: 18/35 levels left

rFire    + . .     SeeInvis +   b - staff of conjuration
rCold    . . .     Gourm    .   L - +0 buckler {rF+}
rNeg     . . .     Faith    .   U - +1 ring mail of Sif Muna's Reproof {rPois}
rPois    +         Spirit   +   t - +0 helmet
rElec    .         Reflect  .   K - +0 cloak
rCorr    .         Harm     .   A - +2 pair of gloves
MR       ++...                  (boots unavailable)
Stlth    ++++......             T - amulet of magic regeneration
HPRegen  0.26/turn              q - ring of protection from magic
MPRegen  0.67/turn              S - ring of see invisible

@: very slow
A: talons 3, thin skeletal structure 1, demonic guardian 2, magic shield, magic
regeneration
a: Bend Time, Temporal Distortion, Slouch, Step From Time, Renounce Religion


You were on level 2 of the Orcish Mines.
You worshipped Cheibriados.
Cheibriados was extremely pleased with you.
You were hungry.

You visited 3 branches of the dungeon, and saw 18 of its levels.

You collected 1248 gold pieces.
You spent 960 gold pieces at shops.

Inventory:

Hand Weapons
 a - the +6 mace of Hegunum {venom, rN+ Str+3 Int+2 Dex+6}
   (You found it on level 5 of the Dungeon)

   It poisons the flesh of those it strikes.
   It affects your strength (+3).
   It affects your intelligence (+2).
   It affects your dexterity (+6).
   It protects you from negative energy.
 V - a +2 dagger of electrocution
Missiles
 k - 2 curare-tipped darts (quivered)
 o - 36 poisoned darts
 D - 8 boomerangs
Armour
 p - a +1 ring mail of positive energy
 t - a +0 helmet (worn)
 u - a +0 pair of boots
 A - a +2 pair of gloves (worn)
 F - the +1 scale mail of Kamoloz {Str+3 Int-3 Dex+3}
   (You bought it in a shop on level 14 of the Dungeon)

   It affects your strength (+3).
   It affects your intelligence (-3).
   It affects your dexterity (+3).
 G - the +6 scale mail of Dezxip {Int+3}
   (You bought it in a shop on level 14 of the Dungeon)

   It affects your intelligence (+3).
 K - a +0 cloak (worn)
 L - a +0 buckler of fire resistance (worn)
 U - the +1 ring mail of Sif Muna's Reproof (worn) {rPois}
   (You found it on level 12 of the Dungeon)

   It protects you from poison.
Magical Staves
 b - an uncursed staff of conjuration (weapon)
 J - an uncursed staff of air
 P - an uncursed staff of death
Jewellery
 q - a ring of protection from magic (left hand)
 M - a cursed ring of flight
 S - a ring of see invisible (right hand)
 T - an amulet of magic regeneration (around neck)
Wands
 g - a wand of digging (6)
 s - a wand of scattershot (5)
 w - a wand of enslavement (22)
 I - a wand of paralysis (6)
 N - a wand of disintegration (6)
Scrolls
 e - a scroll of identify
 h - 4 scrolls of enchant weapon
 i - 4 scrolls of enchant armour
 j - 12 scrolls of remove curse
 l - 2 scrolls of magic mapping
 x - 7 scrolls of teleportation
 B - 4 scrolls of amnesia
 H - 2 scrolls of immolation
Potions
 f - 3 potions of might
 m - a potion of resistance
 n - 5 potions of heal wounds
 r - 4 potions of lignification
 v - 4 potions of curing
 z - a potion of ambrosia
 C - 2 potions of brilliance
 E - a potion of magic
 O - a potion of flight
 Q - a potion of berserk rage {unknown}
 R - 3 potions of agility
Miscellaneous
 d - a fan of gales
 y - a sack of spiders
Comestibles
 c - 27 rations


   Skills:
 + Level 5.5 Fighting
 - Level 1.7 Short Blades
 + Level 8.7 Maces & Flails
 + Level 5.0 Throwing
 + Level 5.2 Armour
 + Level 5.9 Dodging
 - Level 5.4 Stealth
 + Level 3.8 Shields
 + Level 11.1 Spellcasting
 + Level 11.9 Conjurations
 + Level 2.0 Hexes
 + Level 1.3 Poison Magic
 * Level 10.1 Invocations
 + Level 2.0 Evocations


You had 18 spell levels left.
You knew the following spells:

 Your Spells              Type           Power        Failure   Level  Hunger
a - Magic Dart            Conj           ####         1%          1    None
b - Dazzling Spray        Conj/Hex       ######       1%          3    None
c - Iskenderun's Mystic   Conj           #######.     1%          4    None
d - Venom Bolt            Conj/Pois      #######...   8%          5    ##.....
e - Olgreb's Toxic Radia  Pois           ####....     22%         4    None

Your spell library contained the following spells:

 Spells                   Type           Power        Failure   Level  Hunger
 Sting                    Conj/Pois      ####         1%          1    None
 Searing Ray              Conj           ######       1%          2    None
 Mephitic Cloud           Conj/Pois/Air  ######..     1%          3    None
 Fulminant Prism          Conj/Hex       #######...   2%          4    None
 Force Lance              Conj/Tloc      ######..     3%          4    None
 Summon Small Mammal      Summ           ###.         4%          1    None
 Poisonous Vapours        Pois/Air       ###...       4%          2    None
 Call Imp                 Summ           ###.....     6%          2    None
 Summon Guardian Golem    Hex/Summ       ####....     8%          3    None
 Call Canine Familiar     Summ           ###.....     12%         3    None
 Summon Ice Beast         Ice/Summ       ###.....     36%         4    None
 Summon Lightning Spire   Summ/Air       ###.....     36%         4    None


Dungeon Overview and Level Annotations

Branches:
Dungeon (15/15)            Temple (1/1) D:7            Lair (0/6) D:9
    Orc (2/2) D:10         Vaults (0/5) D:14         Depths (0/5) D:15
    Elf: Orc:2

Altars:
Ashenzari
Cheibriados
Dithmenos
Elyvilon
Fedhas
Gozag
Hepliaklqana
Kikubaaqudgha
Nemelex Xobeh
Okawaru
Qazlal
Ru
Sif Muna
Trog
Uskayaw
Vehumet
Wu Jian
Xom
Yredelemnul
Zin
The Shining One

Shops:
D:5 %   D:11 (   D:12 [   D:13 *   D:14 [   D:15 *   Orc:1 }

Annotations:
D:6 3 runed translucent doors, Borbor's ghost, novice GrFi; Hasart's ghost, amateur DEFE; Twistedpanties's ghost, novice DsFE


Innate Abilities, Weirdness & Mutations

You have claws for feet.
You have a somewhat thin skeletal structure. (Dex +2, Stealth)
A demonic guardian rushes to your aid.
When hurt, damage is shared between your health and your magic reserves.
You regenerate magic rapidly.


Message History

The orc warlord looks even sicker.
The orc warlord convulses.
The orc warlord seems to slow down.
The orc warlord is severely wounded.
The ogre shouts!
You hear a shout!
The orc warlord hits you from afar with a +0 glaive!!!
* * * LOW HITPOINT WARNING * * *
Evoke which item? (* to show all) (? for menu, Esc to quit)
Aiming: Disintegrate
Press: ? - help, Shift-Dir - straight line, f/p - orc warlord
Aim: an orc warlord, wielding a +0 glaive and wearing a +0 plate armour (severely wounded, slow, unusually strong, poisoned, chance to defeat MR: 40%)
The orc warlord resists with some effort.
You hear a shout!
An orc comes into view. It is wielding a +0 flail.
Evoke which item? (* to show all) (? for menu, Esc to quit)
Aiming: Disintegrate
Press: ? - help, Shift-Dir - straight line, f/p - orc warlord
Aim: an orc warlord, wielding a +0 glaive and wearing a +0 plate armour (severely wounded, slow, unusually strong, poisoned, chance to defeat MR: 40%)
The orc warlord is blasted!!
The orc warlord hits you from afar with a +0 glaive!!!
You die...

##.##.#.....)...
##.......).).....
.#.#......o.......
..........#O......
#.....#...........
#..............
##.#o).........
##.†..).......
##@.))........
#.........(..
#........o...
#..#.........
#.##.........
####.........
###......#.
##.##.....#.
#............


You could see an orc warlord, an ogre and an orc.

Vanquished Creatures
  Nessos (D:13)
  Azrael (D:12)
  2 hydras
  A rakshasa (D:14)
  2 centaur warriors
  A death knight (D:14)
  2 dancing weapons (D:14)
  5 two-headed ogres
  2 tengu warriors (D:15)
  A vampire mage (D:15)
  5 unseen horrors
  A skeletal warrior (D:15)
  An orc knight (Orc:2)
  2 deep elf magi
  A cyclops (D:14)
  2 manticores (D:13)
  10 ugly things
  Joseph (D:7)
  2 gargoyles
  An efreet (D:13)
  2 freezing wraiths
  2 spriggan skeletons (D:15)
  2 trolls
  A hornet (D:15)
  8 slime creatures
  A meliai zombie (D:15)
  4 hippogriffs
  A centaur simulacrum (D:14)
  A spriggan (D:9)
  3 shadows
  A tarantella (shapeshifter) (D:12)
  2 wraiths
  6 yaks
  5 hungry ghosts
  A steam dragon (D:12)
  5 fire elementals (D:12)
  5 vampire mosquitoes
  5 wargs
  2 acid dragons
  A soldier ant (D:12)
  2 hell hounds
  A tengu skeleton (D:15)
  8 orc warriors
  6 ice beasts
  An eye of draining (D:10)
  8 ogres
  2 phantoms
  3 sky beasts
  A necrophage (D:13)
  16 centaurs
  3 big kobolds
  A crocodile (D:12)
  11 bullfrogs
  2 wyvern zombies
  4 scorpions
  A wyvern skeleton (D:12)
  19 killer bees
  5 wights (D:12)
  6 howler monkeys
  6 crimson imps
  2 bullfrog zombies
  A centaur zombie (D:5)
  4 centaur skeletons
  5 jellies
  4 hounds
  12 orc wizards
  3 bullfrog skeletons
  10 orc priests
  Crazy Yiuf (D:5)
  5 iguanas
  Ijyb (D:5)
  15 worker ants
  8 ogre zombies (D:10)
  A bullfrog simulacrum (D:12)
  A hound skeleton (D:5)
  9 gnolls
  10 adders
  5 shadow imps
  2 oozes
  An adder skeleton (D:5)
  3 worms
  3 leopard geckos
  46 orcs
  4 giant cockroaches
  6 goblins
  9 hobgoblins
  3 jackals (D:7)
  3 quokkas
  A ball python (D:5)
  5 bats
  5 frilled lizards
  2 goblin skeletons (D:10)
  2 goblin zombies (D:10)
  A hobgoblin skeleton (D:10)
  4 hobgoblin zombies (D:10)
  22 kobolds
  A leopard gecko zombie (D:6)
  2 orc skeletons (D:10)
  9 orc zombies (D:10)
  A quokka zombie (D:6)
  7 rats
447 creatures vanquished.

Vanquished Creatures (collateral kills)
  Josephine (D:14)
  3 two-headed ogres
  A skeletal warrior (D:15)
  A necromancer (D:15)
  2 manticores (D:12)
  A centaur skeleton (D:14)
  3 slime creatures (D:14)
  A fire dragon zombie (D:15)
  4 wraiths (D:14)
  A wyvern (D:13)
  A fire elemental (D:12)
  A yak (D:12)
  A vampire mosquito (D:12)
  3 sky beasts
  2 phantoms
  An ogre (D:5)
  2 scorpions (D:5)
  A worker ant (D:6)
  2 gnolls (D:6)
  An adder (D:12)
  A leopard gecko (D:5)
  2 orcs
  A hobgoblin zombie (D:10)
  2 kobolds (D:8)
  3 orc zombies (D:10)
42 creatures vanquished.

Vanquished Creatures (others)
  Erolcha (D:12)
  A slime creature (D:12)
  4 withered plants
6 creatures vanquished.

Grand Total: 495 creatures vanquished

Notes
Turn   | Place    | Note
-------+----------+-------------------------------------------
     0 | D:1      | emperorscorpion the Demonspawn Conjurer began the quest for
                  | the Orb.
     0 | D:1      | Reached XP level 1. HP: 13/13 MP: 3/3
   360 | D:1      | Gained mutation: When hurt, damage is shared between your
                  | health and your magic reserves. [demonic ancestry]
   360 | D:1      | Reached XP level 2. HP: 19/19 MP: 0/5
  1243 | D:1      | Reached XP level 3. HP: 24/24 MP: 6/6
  2377 | D:3      | Learned a level 3 spell: Dazzling Spray
  2579 | D:3      | Gained mutation: A weak demonic guardian rushes to your
                  | aid. [demonic ancestry]
  2579 | D:3      | Reached XP level 4. HP: 30/30 MP: 2/7
  2955 | D:3      | Learned a level 4 spell: Iskenderun's Mystic Blast
  3382 | D:3      | Reached skill level 5 in Conjurations
  4087 | D:4      | Gained mutation: You have sharp toenails. [demonic
                  | ancestry]
  4087 | D:4      | Reached XP level 5. HP: 35/35 MP: 6/9
  4144 | D:4      | Found a snail-covered altar of Cheibriados.
  4152 | D:4      | Became a worshipper of Cheibriados the Contemplative
  4487 | D:4      | Reached skill level 1 in Maces & Flails
  4816 | D:5      | Entered Level 5 of the Dungeon
  4880 | D:5      | Reached skill level 1 in Short Blades
  4880 | D:5      | Gained mutation: You have a somewhat thin skeletal
                  | structure. (Dex +2, Stealth) [demonic ancestry]
  4880 | D:5      | Reached XP level 6. HP: 20/42 MP: 2/11
  4881 | D:5      | Upgraded the game from 0.24-a0-355-gbe4061de67 to
                  | 0.24-a0-358-g53aee78b01
  5470 | D:5      | Found Uned's Food Boutique.
  5717 | D:5      | Reached * piety under Cheibriados
  5793 | D:5      | Reached skill level 1 in Throwing
  5819 | D:5      | Gained mutation: You have razor-sharp toenails. [demonic
                  | ancestry]
  5819 | D:5      | Reached XP level 7. HP: 41/47 MP: 0/13
  5932 | D:5      | Noticed Ijyb
  5940 | D:5      | Paralysed by Ijyb for 2 turns
  5942 | D:5      | Killed Ijyb
  6357 | D:5      | Found a runed translucent door.
  6358 | D:5      | Noticed Crazy Yiuf
  6359 | D:5      | Got a warped mace
  6367 | D:5      | Killed Crazy Yiuf
  6376 | D:5      | Identified the +6 mace of Hegunum {venom, rN+ Str+3 Int+2
                  | Dex+6} (You found it on level 5 of the Dungeon)
  6799 | D:6      | Found a runed translucent gate.
  6799 | D:6      | Found a runed translucent gate.
  6801 | D:6      | Found a runed translucent gate.
  6803 | D:6      | Noticed Hasart's ghost (amateur DEFE)
  6803 | D:6      | Noticed Twistedpanties's ghost (novice DsFE)
  6803 | D:6      | Noticed Borbor's ghost (novice GrFi)
  6874 | D:6      | Reached ** piety under Cheibriados
  6882 | D:6      | Reached skill level 5 in Spellcasting
  6882 | D:6      | Reached skill level 1 in Hexes
  7115 | D:6      | Reached skill level 1 in Fighting
  7122 | D:6      | Reached XP level 8. HP: 53/54 MP: 3/15
  8269 | D:7      | Found a staircase to the Ecumenical Temple.
  8277 | D:7      | Noticed Joseph
  8284 | D:7      | Killed Joseph
  8284 | D:7      | Reached skill level 1 in Shields
  8284 | D:7      | Reached XP level 9. HP: 41/59 MP: 9/18
  8291 | Temple   | Entered the Ecumenical Temple
  9037 | D:7      | Found a shadowy altar of Dithmenos.
  9154 | D:7      | Reached *** piety under Cheibriados
  9600 | D:8      | Noticed a two-headed ogre
  9604 | D:8      | Killed a two-headed ogre
 10245 | D:8      | Reached **** piety under Cheibriados
 10255 | D:8      | Reached XP level 10. HP: 67/67 MP: 4/21
 10491 | D:9      | Noticed a two-headed ogre
 10650 | D:9      | Reached skill level 5 in Maces & Flails
 10677 | D:9      | Killed a two-headed ogre
 10775 | D:9      | Found a staircase to the Lair.
 10860 | D:9      | Found a hazy altar of Hepliaklqana.
 11094 | D:9      | Noticed a two-headed ogre
 11102 | D:9      | Killed a two-headed ogre
 11414 | D:9      | Reached ***** piety under Cheibriados
 11459 | D:9      | Noticed a two-headed ogre
 11466 | D:9      | Killed a two-headed ogre
 11586 | D:9      | Found a shattered altar of Ashenzari.
 11658 | D:10     | Entered Level 10 of the Dungeon
 11677 | D:10     | Noticed a five-headed hydra
 11882 | D:10     | Noticed a cyan ugly thing
 11888 | D:10     | Reached skill level 5 in Stealth
 11908 | D:10     | Killed a cyan ugly thing
 12113 | D:11     | Noticed a four-headed hydra
 12120 | D:11     | Gained mutation: A demonic guardian rushes to your aid.
                  | [demonic ancestry]
 12120 | D:11     | Reached XP level 11. HP: 75/75 MP: 10/23
 12125 | D:11     | Killed a four-headed hydra
 12414 | D:10     | Noticed a green ugly thing
 12418 | D:10     | Killed a five-headed hydra
 12434 | D:10     | Killed a green ugly thing
 12759 | D:11     | Reached skill level 1 in Evocations
 13310 | D:11     | Found Lytan's Antique Weapon Emporium.
 13315 | D:11     | Bought a slimy dagger for 231 gold pieces
 13315 | D:11     | Identified the +10 dagger "Xosiahohuw" {speed, *Noise rPois
                  | rF+++ rC-} (You bought it in a shop on level 11 of the
                  | Dungeon)
 14342 | D:10     | Found a staircase to the Orcish Mines.
 14497 | D:10     | Killed an unseen horror
 14664 | D:10     | Reached ****** piety under Cheibriados
 14987 | D:12     | Reached skill level 1 in Armour
 15280 | D:12     | Killed an unseen horror
 15293 | D:12     | Reached skill level 10 in Conjurations
 15461 | D:12     | Noticed Erolcha
 15671 | D:12     | Found Weeg's Antique Armour Boutique.
 15871 | D:12     | Noticed Azrael
 15873 | D:12     | Reached skill level 5 in Dodging
 15939 | D:12     | Killed Erolcha
 16273 | D:11     | Gained mutation: You regenerate magic rapidly. [demonic
                  | ancestry]
 16273 | D:11     | Reached XP level 12. HP: 62/83 MP: 3/25
 16342 | D:12     | Reached skill level 1 in Invocations
 16682 | D:12     | Got a jacinth-studded ring mail
 16697 | D:11     | Identified the +1 ring mail of Sif Muna's Reproof {rPois}
                  | (You found it on level 12 of the Dungeon)
 16732 | D:12     | Killed Azrael
 16796 | D:12     | Reached skill level 5 in Fighting
 17131 | D:12     | HP: 3/86 [very large slime creature (15)]
 17805 | D:13     | Reached skill level 5 in Invocations
 17893 | D:13     | Noticed a centaur warrior
 17921 | D:13     | Noticed Nessos
 17927 | D:13     | Killed Nessos
 17988 | D:13     | Killed a centaur warrior
 18397 | D:13     | Noticed a two-headed ogre
 18399 | D:13     | Killed a two-headed ogre
 18459 | D:13     | Reached skill level 10 in Spellcasting
 18677 | D:13     | Found Wicusurghi's Assorted Antiques.
 18684 | D:13     | Bought a scroll labeled MEESMA DEZXARI for 19 gold pieces
 18785 | D:13     | Noticed a two-headed ogre
 18788 | D:13     | Killed a two-headed ogre
 18995 | D:13     | Learned a level 5 spell: Venom Bolt
 19000 | D:13     | Learned a level 4 spell: Olgreb's Toxic Radiance
 19172 | D:14     | Found a basalt altar of Yredelemnul.
 19196 | D:14     | Noticed Josephine
 19214 | D:14     | Killed Josephine
 19214 | D:14     | Gained mutation: You have claws for feet. [demonic
                  | ancestry]
 19214 | D:14     | Reached XP level 13. HP: 81/91 MP: 2/27
 19297 | D:14     | Reached skill level 5 in Throwing
 19428 | D:14     | Found Loanuz's Antique Armour Emporium.
 19433 | D:14     | Bought a pitted scale mail for 315 gold pieces
 19434 | D:14     | Identified the +6 scale mail of Dezxip {Int+3} (You bought
                  | it in a shop on level 14 of the Dungeon)
 19435 | D:14     | Bought a spiked scale mail for 315 gold pieces
 19445 | D:14     | Identified the cursed +1 scale mail of Kamoloz {Str+3 Int-3
                  | Dex+3} (You bought it in a shop on level 14 of the Dungeon)
 19596 | D:14     | Found a gate to the Vaults.
 20515 | D:14     | Identified a scroll of acquirement
 20654 | D:15     | Entered Level 15 of the Dungeon
 20656 | D:15     | Found a white marble altar of Elyvilon.
 20656 | D:15     | Found Perch's Hallowed Reliquary.
 20656 | D:15     | Noticed an angel
 20665 | D:15     | Bought a potion of heal wounds for 80 gold pieces
 20884 | D:15     | Found a staircase to the Depths.
 21144 | D:15     | Reached skill level 5 in Armour
 21144 | D:15     | Reached skill level 1 in Poison Magic
 22478 | Orc:1    | Entered Level 1 of the Orcish Mines
 22535 | Orc:1    | Found Hemmeu Bouva's Gadget Emporium.
 22744 | Orc:2    | Entered Level 2 of the Orcish Mines
 22769 | Orc:2    | Noticed an orc warlord
 22774 | Orc:2    | Reached XP level 14. HP: 61/98 MP: 16/29
 22776 | Orc:2    | Reached skill level 10 in Invocations
 22777 | Orc:2    | HP: 3/98 [orc warlord/+0 glaive (45)]
 22779 | Orc:2    | Annihilated by an orc warlord

Levels and vault maps discovered:
D:1:      dpeg_cavernosity, layout_basic
D:2:      layout_loops_cross
D:3:      layout_loops_ring
D:4:      layout_rooms, nicolae_overflow_hidden_temple, minivault_27,
          cheibriados_altar_1
D:5:      layout_loops_ring, first_ration, serial_shops, nicolae_shop_stone,
          uniq_ijyb, uniq_crazy_yiuf_cottage
D:6:      layout_loops_ring, gammafunk_ghost_cemetery
D:7:      kennysheep_spiral_hall, layout_basic, grunt_dithmenos_shadows,
          minmay_temple_entry_grid, uniq_joseph
D:8:      layout_rooms
D:9:      layout_rooms, evilmike_ruin_ashenzari, lemuel_round_altar,
          erik_lair_orcish_takeover, the_bakery
D:10:     minmay_diamond_stairs, layout_irregular_city, zombieorc2_lemuel
D:11:     layout_small_grid, serial_shops, shop
D:12:     hangedman_cross_stitches, layout_long_grid, serial_shops,
          nicolae_shop_stone, uniq_erolcha, uniq_azrael
D:13:     layout_gridville, serial_shops, kennysheep_mini, uniq_nessos
D:14:     minmay_wavy_crystal, layout_long_grid, erik_vaults_1, serial_shops,
          nicolae_shop_overgrown_old_shop, lemuel_round_altar,
          minmay_fractal_squares_gapless_5, uniq_josephine
D:15:     gammafunk_depths_entry_grave, layout_rooms, serial_co_window_serial,
          co_window_corner_a, co_window_of_opportunity_a, co_window_paths_b,
          co_window_corner_a, co_window_corner_a, co_window_paths_b,
          co_window_paths_a, co_window_broadway_b, co_window_of_opportunity_b,
          co_window_2corner, co_window_broadway_c, glass_columns_a,
          glass_columns_a, glass_columns_c, glass_columns_a, minivault_24,
          nicolae_good_shop
Temple:   compressed_dpeg_circular_temple
Orc:1:    layout_caves, serial_shops, shop, library_closet, bh_open_orc_temple
Orc:2:    st_orc_ogre_mass, layout_caves, serial_shops, shop,
          hangedman_minor_magic

Skill      XL: |  1  2  3  4  5  6  7  8  9 10 11 12 13 14 |
---------------+-------------------------------------------+-----
Stealth        | 2 3 4 5 |  5.4
Spellcasting   | 3 4 5 6 7 8 9 10 11 | 11.1
Conjurations   | 5 6 7 8 9 10 11 | 11.9
Dodging        | 2 3 5 |  5.9
Maces & Flails | 1 2 3 4 6 7 8 |  8.7
Short Blades   | 1 |  1.7
Throwing       | 1 2 3 4 5 |  5.0
Hexes          | 1 2 |  2.0
Fighting       | 1 3 4 5 |  5.5
Shields        | 1 2 3 |  3.8
Evocations     | 1 2 |  2.0
Armour         | 2 4 5 |  5.2
Invocations    | 6 9 10 | 10.1
Poison Magic   | 1 |  1.3

Action                   |  1- 3 |  4- 6 |  7- 9 | 10-12 | 13-15 || total
-------------------------+-------+-------+-------+-------+-------++-------
Melee: Whip              |    20 |     8 |       |       |       ||    28
       Short sword       |       |    86 |       |       |       ||    86
       Mace              |       |       |    76 |   270 |    49 ||   395
       Dagger            |       |       |     8 |       |       ||     8
       Kick              |       |       |       |       |    28 ||    28
Throw: Dart              |    10 |    21 |    38 |    40 |     3 ||   112
 Cast: Magic Dart        |    88 |    91 |    18 |    44 |    11 ||   252
       Dazzling Spray    |       |     9 |    14 |     5 |       ||    28
       Iskenderun's Myst |       |     5 |    66 |   257 |   108 ||   436
       Venom Bolt        |       |       |       |     1 |     3 ||     4
       Olgreb's Toxic Ra |       |       |       |       |     3 ||     3
Invok: Slouch            |       |       |       |       |     6 ||     6
Evoke: Wand              |       |     1 |       |    19 |     2 ||    22
  Use: Scroll            |       |       |    16 |     9 |     4 ||    29
       Potion            |       |       |       |     2 |     1 ||     3
 Stab: Sleeping          |       |     2 |     5 |     7 |       ||    14
       Invisible         |       |       |     1 |       |       ||     1
       Distracted        |       |       |     1 |     3 |     2 ||     6
  Eat: Chunk             |     6 |    12 |    12 |     4 |     6 ||    40
       Ration            |       |       |       |     4 |       ||     4
Armor: Robe              |     5 |    24 |    18 |    30 |       ||    77
       Ring mail         |       |       |       |    72 |    28 ||   100
Dodge: Dodged            |    28 |    69 |    53 |   236 |    47 ||   433
Block: Buckler           |     3 |    19 |    19 |   138 |    29 ||   208

Table legend:
 A = Non-vault XP
 B = Vault XP
 C = Vault XP percentage of total XP
 D = Non-vault monster count
 E = Vault monster count
 F = Vault count percentage of total count
                 A         B        C        D         E       F
            +---------+---------+-------+---------+---------+-------
      Total |   47370 |   18259 |  27.8 |     388 |     101 |  20.7
            +---------+---------+-------+---------+---------+-------
        D:1 |      44 |      10 |  18.5 |      19 |       4 |  17.4
        D:2 |      17 |       0 |   0.0 |      10 |       0 |   0.0
        D:3 |      89 |       0 |   0.0 |      23 |       0 |   0.0
        D:4 |     173 |       0 |   0.0 |       9 |       0 |   0.0
        D:5 |     523 |      76 |  12.7 |      26 |       2 |   7.1
        D:6 |    1503 |       0 |   0.0 |      25 |       0 |   0.0
        D:7 |     793 |     564 |  41.6 |      18 |       5 |  21.7
        D:8 |    2029 |      40 |   1.9 |      33 |       1 |   2.9
        D:9 |    3088 |     669 |  17.8 |      17 |       7 |  29.2
       D:10 |    3074 |    1784 |  36.7 |      19 |      40 |  67.8
       D:11 |    2723 |     148 |   5.2 |      33 |       1 |   2.9
       D:12 |    7063 |    3858 |  35.3 |      48 |      17 |  26.2
       D:13 |    7208 |    1362 |  15.9 |      36 |       1 |   2.7
       D:14 |    3770 |    6187 |  62.1 |      15 |      15 |  50.0
       D:15 |   13524 |    3561 |  20.8 |      38 |       8 |  17.4
      Orc:1 |     221 |       0 |   0.0 |       6 |       0 |   0.0
      Orc:2 |    1528 |       0 |   0.0 |      13 |       0 |   0.0
            +---------+---------+-------+---------+---------+-------
